 Dungeon Crawl Stone Soup version 0.26.1-11-gd32895ea62 (webtiles) character file.

Game seed: 2215146279975089539

434 Zeld the Cutter (level 7, -1/45 HPs)
             Began as an Octopode Brigand on May 14, 2021.
             Shot with an arrow by a centaur (13 damage)
             ... on level 5 of the Dungeon.
             The game lasted 00:07:42 (5165 turns).

Zeld the Cutter (Octopode Brigand)                  Turns: 5165, Time: 00:07:43

Health: -1/45      AC:  1    Str: 13    XL:     7   Next: 0%
Magic:  12/12      EV: 13    Int: 13    God:
Gold:   252        SH:  0    Dex: 13    Spells: 12/12 levels left

rFire    . . .     SeeInvis .   a - +3 dagger
rCold    + . .     Faith    .   (no shield)
rNeg     . . .     Spirit   .   (helmet restricted)
rPois    +         Reflect  .   (no amulet)
rElec    .         Harm     .   k - ring of poison resistance
rCorr    .         Rampage  .   (no ring)
Will     .....                  h - ring of protection from cold
Stlth    +++++.....             g - ring of stealth
HPRegen  0.15/turn              (no ring)
MPRegen  0.13/turn              (no ring)
                                (no ring)
                                (no ring)

@: no status effects
A: almost no armour, stealthy swim, amphibious, 8 rings, constrict 8, camouflage
1, gelatinous body 1
a: no special abilities


You were on level 5 of the Dungeon.
You visited 1 branch of the dungeon, and saw 5 of its levels.

You collected 252 gold pieces.

Inventory:

Hand Weapons
 a - a +3 dagger (weapon)
Missiles
 b - 15 poisoned darts (quivered)
 c - 2 curare-tipped darts
Jewellery
 g - a ring of stealth (on tentacle)
 h - a ring of protection from cold (on tentacle)
 k - a ring of poison resistance (left tentacle)
Scrolls
 d - a scroll of teleportation
 f - 4 scrolls of magic mapping
 o - 3 scrolls of fear
 q - a scroll of remove curse
Potions
 i - a potion of curing
 l - 2 potions of brilliance {unknown}
 r - a potion of berserk rage {unknown}
 s - a potion of might {unknown}


   Skills:
 - Level 2.0 Fighting
 * Level 6.0 Short Blades
 - Level 2.0 Throwing
 - Level 1.0 Dodging
 - Level 5.3 Stealth
 + Level 3.3 Spellcasting


You had 12 spell levels left.
You didn't know any spells.
Your spell library was empty.

Dungeon Overview and Level Annotations

Branches:
Dungeon (5/15)
 Temple: D:4-7

Altars:
Ru
Uskayaw
Xom
Yredelemnul
Zin


Innate Abilities, Weirdness & Mutations

You cannot wear most types of armour.
You are very stealthy in the water. (Stealth+)
You are amphibious.
You can wear up to eight rings at the same time.
You can use your tentacles to constrict eight enemies at once.
Your skin changes colour to match your surroundings (Stealth+).
Your rubbery body absorbs attacks. (AC +1, EV +1)


Message History

Magic restored.
d - a scroll of teleportation You open the door.
There is an open door here.
A centaur comes into view.
A centaur is nearby!
A centaur is nearby!
A quokka skeleton comes into view.
An orc comes into view. It is wielding a -2 club.
The centaur wields a +0 shortbow.
The centaur shoots an arrow.
The arrow hits you!
You see here an arrow.
The centaur shoots an arrow.
The arrow hits you!
You see here an arrow.
You are too injured to fight recklessly!
You are too injured to fight recklessly!
The centaur shoots an arrow.
The arrow hits you!
* * * LOW HITPOINT WARNING * * *
The centaur shoots an arrow.
The arrow hits you!
You die...

#........(.#
.....#..........#
o...#..........## ##
#...#.....<..=..#
#..##...#...........#
........# ..........#
....Z...##+###......#
.............'......#
.......@((...#......#
.....c.......#......#
##############......#
########


You could see a centaur, an orc (asleep) and a quokka skeleton (wandering).

Vanquished Creatures
  A scorpion (D:4)
  A howler monkey (D:4)
  A hound (D:4)
  Natasha (thrice) (D:4)
  An orc wizard (D:3)
  3 worker ants
  6 adders
  2 oozes
  3 worms
  2 dart slugs
  A leopard gecko (D:2)
  5 orcs
  2 ball pythons
  9 bats
  4 giant cockroaches
  2 goblins (D:1)
  3 hobgoblins (D:1)
  11 jackals
  6 kobolds
  4 quokkas
  4 frilled lizards
  5 rats
79 creatures vanquished.

Vanquished Creatures (others)
  A quokka skeleton (D:4)
1 creature vanquished.

Grand Total: 80 creatures vanquished

Notes
Turn   | Place    | Note
-------+----------+-------------------------------------------
     0 | D:1      | Zeld the Octopode Brigand began the quest for the Orb.
     0 | D:1      | Reached XP level 1. HP: 14/14 MP: 1/1
   108 | D:1      | Reached XP level 2. HP: 19/19 MP: 2/2
  1029 | D:2      | Reached skill level 1 in Spellcasting
  1154 | D:2      | Reached skill level 3 in Short Blades
  1158 | D:2      | Reached XP level 3. HP: 17/24 MP: 4/4
  1409 | D:2      | Found a glowing silver altar of Zin.
  1843 | D:2      | Reached XP level 4. HP: 27/29 MP: 6/6
  2129 | D:3      | Found a shimmering altar of Xom.
  2141 | D:3      | Reached skill level 4 in Short Blades
  2502 | D:3      | Reached XP level 5. HP: 24/34 MP: 8/8
  3464 | D:4      | Found a basalt altar of Yredelemnul.
  3557 | D:4      | Reached skill level 5 in Short Blades
  3557 | D:4      | Reached XP level 6. HP: 39/39 MP: 8/10
  3676 | D:4      | Found a sacrificial altar of Ru.
  3823 | D:4      | Noticed Natasha
  3829 | D:4      | Killed Natasha
  3830 | D:4      | Noticed a +0 hand axe
  3830 | D:4      | Noticed a +0 dagger
  3834 | D:4      | Found a hide-covered altar of Uskayaw.
  4378 | D:4      | Found a sacrificial altar of Ru.
  4413 | D:4      | Found a basalt altar of Yredelemnul.
  4495 | D:4      | Found a hide-covered altar of Uskayaw.
  4709 | D:4      | Noticed Natasha
  4720 | D:4      | Killed Natasha
  4880 | D:4      | Noticed Natasha
  4883 | D:4      | Killed Natasha
  5125 | D:5      | Entered Level 5 of the Dungeon
  5127 | D:5      | Reached skill level 6 in Short Blades
  5127 | D:5      | Reached XP level 7. HP: 45/45 MP: 10/12
  5165 | D:5      | Shot with an arrow by a centaur

Illustrated notes

Levels and vault maps discovered:
D:1:      matt_arrival_spirals, layout_loops_ring
D:2:      layout_basic, zin_scriptorium
D:3:      layout_basic, lemuel_crystal_altar, serial_rivers,
          chequers_serial_rivers_small_b, chequers_serial_rivers_small_3,
          chequers_serial_rivers_micro_c, chequers_serial_rivers_micro_d,
          chequers_serial_rivers_micro_a, amcnicky_mini_pool_small
D:4:      layout_loops_cross, yredelemnul_altar_generic,
          dancing_weapons_uskayaw, kennysheep_little_box, lemuel_flame_loot_1,
          uniq_natasha
D:5:      layout_gridville, minmay_temple_entry_mini_moons

Skill      XL: |  1  2  3  4  5  6 |
---------------+-------------------+-----
Spellcasting   | 1 2 3 |  3.3
Short Blades   | 3 4 5 6 |  6.0
Fighting       | |  2.0
Throwing       | |  2.0
Dodging        | |  1.0
Stealth        | |  5.3

Action                   |  1- 3 |  4- 6 |  7- 9 || total
-------------------------+-------+-------+-------++-------
Melee: Dagger            |    49 |   121 |     1 ||   171
       Constrict         |    11 |    27 |       ||    38
       Tentacles         |     7 |    24 |       ||    31
  Use: Scroll            |       |    11 |     3 ||    14
 Stab: Sleeping          |    14 |     9 |     1 ||    24
       Distracted        |       |     1 |       ||     1
Armor: Skin              |     3 |     9 |       ||    12
Dodge: Dodged            |    19 |    64 |       ||    83
